 Dungeon Crawl Stone Soup version 0.30-a0-857-gcaf70739d4 (webtiles) character file.

Game seed: 2598976645350602830

79 Pimp the Covered (level 4, -2/40 HPs)
             Began as an Armataur Fighter on Mar 5, 2023.
             Slain by an orc priest
             ... wielding a +0 falchion
              (3 damage)
             ... on level 3 of the Dungeon.
             The game lasted 00:05:55 (2374 turns).

Pimp the Covered (Armataur Fighter)                 Turns: 2374, Time: 00:05:55

Health: -2/40      AC: 18    Str: 22 (23) XL:     4   Next: 16%
Magic:  4/4        EV:  5    Int:  5 (9)  God:
Gold:   17         SH:  3    Dex:  3 (9)  Spells: 3/3 levels left

rFire   . . .      SeeInvis .    a - +0 war axe
rCold   . . .      Faith    .    c - +0 buckler
rNeg    . . .      Spirit   .    b - +1 scale mail
rPois   .          Reflect  .    (no helmet)
rElec   +          Roll     +    (no cloak)
rCorr   .                        (no gloves)
Will    .....                    d - +6 lightning scales {swift, rElec} Stlth
                                 (no amulet)
HPRegen 0.26/turn                (no ring)
MPRegen 0.09/turn                (no ring)

@: quick
A: large, rugged brown scales 3, deformed body, armoured tail, roll, long
tongue, awkward tongue
a: no special abilities


You were on level 3 of the Dungeon.
You visited 1 branch of the dungeon, and saw 3 of its levels.

You collected 92 gold pieces.
You spent 75 gold pieces at shops.

Inventory:

Hand Weapons
 a - a +0 war axe (weapon)
Armour
 b - a +1 scale mail (worn)
 c - a +0 buckler (worn)
 d - the +6 lightning scales (worn) {swift, rElec}
   (You acquired it on level 1 of the Dungeon)

   Swift:     It allows the wearer to cover ground more swiftly.
   rElec:     It insulates you from electricity.
Scrolls
 e - a scroll of enchant armour
 f - a scroll of identify
 h - 2 scrolls of amnesia


   Skills:
 + Level 3.2 Fighting
 + Level 2.3 Axes
 + Level 4.3 Armour
 + Level 4.0 Shields


You had 3 spell levels left.
You didn't know any spells.
Your spell library contained the following spells:

 Spells                   Type           Power      Damage    Failure   Level
 Summon Guardian Golem    Hex/Summ       0%         N/A       99%         3
 Orb of Destruction       Conj           0%         9d5       100%        7
 Spellforged Servitor     Conj/Summ      0%         N/A       100%        7


Dungeon Overview and Level Annotations

Branches:
Dungeon (3/15)

Altars:
Elyvilon

Shops:
D:2 ?

Annotations:
D:3 Grinder


Innate Abilities, Weirdness & Mutations

You are completely covered in rugged brown scales. (AC +3, +7% HP)
Armour fits poorly on your strangely shaped body.
You have a long armoured tail.
You roll when moving toward enemies. (Rampage)
Your long tongue fully drains potion bottles. (2x potion effects)
Your tongue gives you trouble enunciating. (1.5x scroll delay)


Message History

You closely miss the orc priest.
Your tail-slap misses the orc priest.
You hit the orc. x2
You kill the orc!
The orc hits you but does no damage.
The orc priest looks braver for a moment.
You hit the orc priest but do no damage.
You barely miss the orc. The orc hits you but does no damage.
The orc priest mumbles some strange prayers to Beogh against you.
Pain shoots through your body!
You completely miss the orc priest. You hit the orc but do no damage.
The orc priest mumbles some strange prayers to Beogh against you.
Beogh smites you! The orc barely misses you.
The orc priest hits you but does no damage.
The orc hits you with a +0 hand axe.
You barely miss the orc priest. You closely miss the orc.
The orc hits you but does no damage.
The orc priest hits you but does no damage.
You barely miss the orc priest. You hit the orc.
You kill the orc!
The orc priest invokes the aid of Beogh against you.
Beogh smites you!
The orc priest mumbles some strange prayers to Beogh against you.
Pain shoots through your body!
* * * LOW HITPOINT WARNING * * *
You hit the orc priest.
The orc priest is moderately wounded.
The orc priest hits you with a +0 falchion.
* * * LOW HITPOINT WARNING * * *
You aren't carrying any potions.
Unknown command.
Okay, then.
You barely miss the orc priest.
The orc priest is moderately wounded.
The orc priest hits you but does no damage.
The orc priest hits you with a +0 falchion.
* * * LOW HITPOINT WARNING * * *
You barely miss the orc priest.
Your tail-slap misses the orc priest.
The orc priest is moderately wounded.
The orc priest hits you with a +0 falchion.
You die...

#........#
##.....#.#
#.##.###.#
##...##.###
#......#.#
##'###...###
#..#.#.#.# #.#
###)..#######.
#..#.#.#.## #.#
###......... #.
#.#..#.## ##.##
#####.####
#......###.###...##
#.# #.....##
##.#.....# #.#
####.# ##..)@.##
#.# #.
#.###)o##########.#
## #.#
##.)..........# #.#
############## #.#
##


You could see an orc priest.

Vanquished Creatures
  2 adders
  4 orcs (D:3)
  5 bats
  4 endoplasms
  3 giant cockroaches (D:1)
  7 goblins
  5 hobgoblins (D:1)
  2 jackals (D:1)
  A quokka (D:1)
  8 ball pythons
  3 frilled lizards
  2 kobolds (D:1)
  7 rats
53 creatures vanquished.

Notes
Turn   | Place    | Note
-------+----------+-------------------------------------------
     0 | D:1      | Pimp the Armataur Fighter began the quest for the Orb.
     0 | D:1      | Reached XP level 1. HP: 19/19 MP: 1/1
    73 | D:1      | Reached XP level 2. HP: 25/26 MP: 2/2
   354 | D:1      | Reached XP level 3. HP: 30/33 MP: 3/3
   389 | D:1      | Identified a scroll of acquirement
   389 | D:1      | Acquired the +6 lightning scales {swift, rElec}
   389 | D:1      | Found the +6 lightning scales {swift, rElec}
  1552 | D:2      | Found Zarruene's Magic Scroll Emporium.
  1618 | D:2      | Bought a scroll of enchant armour for 75 gold pieces
  1918 | D:3      | Found a faded altar of an unknown god.
  2057 | D:3      | Reached XP level 4. HP: 39/40 MP: 4/4
  2165 | D:3      | Noticed Grinder
  2169 | D:3      | Paralysed by Grinder for 2 turns
  2172 | D:3      | Paralysed by Grinder for 2 turns
  2312 | D:3      | Found a white marble altar of Elyvilon.
  2372 | D:3      | HP: 2/40 [orc priest/+0 falchion (2)]
  2374 | D:3      | Slain by an orc priest

Illustrated notes

Levels and vault maps discovered:
D:1:      minmay_arrival_four_circles, layout_basic, minivault_19
D:2:      layout_loops_corners, serial_shops, shop_statue, minmay_hedge_maze
D:3:      layout_loops_corners, kennysheep_ying_yang, kennysheep_orc_sif_temple,
          basic_ecumenical_altar, minmay_misc_feat_enclosed, fountainhead,
          corexii_item_surrounded_by_moat, corexii_leaking_fountain,
          saegor_snake_ambush, uniq_grinder

Skill      XL: |  1  2  3  4 |
---------------+-------------+-----
Armour         | 4 |  4.3
Fighting       | 3 |  3.2
Axes           | 2 |  2.3
Shields        | 4 |  4.0

Action                     |  1- 3 |  4- 6 || total
---------------------------+-------+-------++-------
  Melee: War axe           |   142 |    29 ||   171
         Tailslap          |    12 |     1 ||    13
    Use: Scroll            |     6 |     1 ||     7
         Potion            |     4 |     1 ||     5
 Armour: Scale mail        |   122 |    27 ||   149
  Dodge: Dodged            |    57 |    10 ||    67
  Block: Buckler           |    28 |     1 ||    29

Table legend: (Time is in decaauts)
 A = Elapsed time spent in this place.
 B = Non-inter-level travel time spent in this place.
 C = Inter-level travel time spent in this place.
 D = Time resting spent in this place.
 E = Time spent auto-exploring this place.
 F = Levels seen in this place.
 G = Mean time per level.
                   A        B        C        D        E       F      G
               +--------+--------+--------+--------+--------+-----+--------+
         Total |   2293 |   2190 |    103 |    177 |   1505 |   3 |  764.3 |
       Dungeon |   2293 |   2190 |    103 |    177 |   1505 |   3 |  764.3 |
               +--------+--------+--------+--------+--------+-----+--------+

Top non-repeatable levels by time:
     D:1: 998 daAuts
     D:2: 761 daAuts
     D:3: 532 daAuts
